 Dungeon Crawl Stone Soup version 0.28-a0-465-ge2dae52223 (webtiles) character file.

Game seed: 12779496670872421896

7585 wakim the Spear-Bearer (level 11, -1/89 HPs)
             Began as a Merfolk Berserker on Sept 14, 2021.
             Was a High Priest of Trog.
             Shot with an arrow by a centaur warrior (20 damage)
             ... on level 10 of the Dungeon.
             The game lasted 00:37:21 (13777 turns).

wakim the Spear-Bearer (Merfolk Berserker)         Turns: 13777, Time: 00:37:21

Health: -1/89      AC: 11    Str: 18    XL:     11   Next: 17%
Magic:  11/11      EV: 18    Int:  6    God:    Trog [*****.]
Gold:   279        SH:  6    Dex: 17    Spells: 10/10 levels left

rFire   + . .      SeeInvis +   a - +1 trident (venom)
rCold   . . .      Faith    .   n - +0 buckler
rNeg    . . .      Spirit   .   D - +2 scale mail {rF+}
rPois   .          Reflect  .   g - +1 hat
rElec   .          Harm     .   B - +0 cloak
rCorr   .          Rampage  .   (no gloves)
Will    ++...                   (no boots)
Stlth   +.........              (no amulet)
HPRegen 1.24/turn               f - +4 ring of evasion
MPRegen 0.12/turn               m - ring of see invisible

@: strong-willed (expiring), regenerating (expiring)
A: (nimble swimmer 2), mertail
a: Renounce Religion, Berserk, Trog's Hand, Brothers in Arms


You were on level 10 of the Dungeon.
You worshipped Trog.
Trog was extremely pleased with you.
You visited 2 branches of the dungeon, and saw 11 of its levels.

You collected 749 gold pieces.
You spent 470 gold pieces at shops.

Inventory:

Hand Weapons
 a - a +1 trident of venom (weapon)
 b - a +0 vorpal trident
 p - a +1 fustibalus of flaming
Missiles
 e - 9 boomerangs
 j - 46 poisoned darts
 z - a throwing net (quivered) {=f!f}
 A - 55 sling bullets
Armour
 g - a +1 hat (worn)
 n - a +0 buckler (worn)
 u - the +4 kite shield of the Lobster {rC+ Int+3}
   (You found it on level 5 of the Dungeon)

   Int:       It affects your intelligence (+3).
   rC:        It protects you from cold.
 B - a +0 cloak (worn)
 D - a +2 scale mail of fire resistance (worn)
Jewellery
 f - a +4 ring of evasion (left hand)
 k - a ring of ice
 l - a +6 ring of strength
 m - a ring of see invisible (right hand)
Wands
 t - a wand of digging (4)
 w - a wand of acid (8)
 x - a wand of iceblast (14)
 y - a wand of paralysis (20)
Scrolls
 i - a scroll of enchant weapon
 o - 3 scrolls of enchant armour
 Q - a scroll of immolation {!r!r}
 R - 2 scrolls of magic mapping {!r}
 S - 2 scrolls of summoning
 T - 6 scrolls of teleportation
 U - 2 scrolls of fear
 X - a scroll of fog
 Z - 2 scrolls of silence {!r}
Potions
 c - a potion of experience {unknown}
 r - 2 potions of brilliance {unknown}
 C - a potion of might {unknown}
 E - a potion of degeneration {unknown}
 F - 2 potions of curing
 G - 2 potions of flight
 H - a potion of haste
 J - 3 potions of heal wounds
 K - 3 potions of cancellation {unknown}
 L - 2 potions of lignification {!q}
 M - 2 potions of mutation {!q}
 N - a potion of invisibility {unknown}
 O - a potion of resistance


   Skills:
 + Level 9.1 Fighting
 - Level 14.0 Polearms
 - Level 4.0 Armour
 + Level 8.5 Dodging
 + Level 3.8 Stealth
 * Level 7.4 Shields


You had 10 spell levels left.
You didn't know any spells.
Your spell library was empty.

Dungeon Overview and Level Annotations

Branches:
Dungeon (10/15)            Temple (1/1) D:7            Lair (0/6) D:10
    Orc: D:9-12

Altars:
Fedhas
Gozag
Makhleb
Nemelex Xobeh
Okawaru
Trog

Shops:
D:4 ?:   D:5 ?

Annotations:
D:9 exclusion: door


Innate Abilities, Weirdness & Mutations

((You are quick and stealthy near water. (Stealth+, EV+, Speed+++)))
Your lower body shifts to a powerful aquatic tail in water.


Message History

The centaur warrior hits you but does no damage.
The centaur warrior kicks you.
* * * LOW HITPOINT WARNING * * *
Okay, then.
As you read the scroll of fear, it crumbles to dust.
You assume a fearsome visage.
The orc looks frightened!
The orc wizard looks frightened!
The orc warrior looks frightened!
The orc looks frightened!
The orc priest looks frightened!
The vampire mosquito is unaffected.
The centaur warrior looks frightened!
The vampire mosquito bites you but does no damage.
The orc wizard mumbles some strange words.
The orc wizard flickers and vanishes for a moment.
The vampire mosquito bites you.
* * * LOW HITPOINT WARNING * * *
The vampire mosquito draws strength from your injuries!
As you read the scroll of teleportation, it crumbles to dust.
You feel strangely unstable.
The vampire mosquito bites you but does no damage.
The orc wizard pleads, "Please don't kill me!"
The vampire mosquito bites you.
* * * LOW HITPOINT WARNING * * *
The vampire mosquito draws strength from your injuries!
The vampire mosquito bites you but does no damage.
The centaur warrior cries, "Help!"
The vampire mosquito bites you.
* * * LOW HITPOINT WARNING * * *
The vampire mosquito draws strength from your injuries!
You block the vampire mosquito's attack.
You hit the vampire mosquito.
The vampire mosquito is lightly damaged.
You block the vampire mosquito's attack.
The vampire mosquito closely misses you.
You closely miss the vampire mosquito.
The vampire mosquito is lightly damaged.
Your surroundings suddenly seem different.
You feel the effects of Trog's Hand fading.
The centaur warrior wields a +0 shortbow.
The centaur warrior shoots an arrow.
The arrow hits you!!
You die...

#...)...###....≈≈≈≈≈....
###.......####..≈≈≈.....
#..####.####..........
#....##.........c.....
#.##.##.........#..... ####
#......)........# ....
.#...# ####.###........# ...
......# #.# #.......## .#
#.....# #.# #[.....@# . #.
#.# #...<...# #y #)#
######### #. #.# #.# #.
####.#### #.# ##. #.......#
###>#### #.. #.##.##)#
########......# #.# #
#.##)####.............####.#
#.......#.#####..####.......


You could see a centaur warrior.

Vanquished Creatures
  A hydra (D:9)
  A komodo dragon (D:10)
  2 hornets
  2 dream sheep (D:9)
  A steam dragon (D:5)
  2 vampire mosquitoes
  2 wargs (D:10)
  4 water moccasins
  3 ice beasts
  2 black bears
  The ghost of sn0wgr3 the Skirmisher, an amateur MiFi (D:3)
  A hornet zombie (D:9)
  2 sky beasts
  5 orc warriors
  5 centaurs
  A phantom (D:4)
  6 kobold brigands
  2 bullfrogs
  A scorpion (D:5)
  A wyvern skeleton (D:7)
  13 killer bees
  13 wights
  3 howler monkeys
  3 jellies
  3 centaur zombies (D:9)
  A bullfrog zombie (D:6)
  6 orc priests
  4 hounds
  A gnoll shaman (D:6)
  4 iguanas
  Ijyb (D:5)
  7 orc wizards
  A killer bee zombie (D:9)
  4 hound skeletons
  10 gnolls
  9 adders
  2 white imps
  An ufetubus (D:5)
  An adder skeleton (D:4)
  A worm (D:5)
  5 dart slugs
  39 orcs
  9 endoplasms
  4 giant cockroaches
  5 goblins
  14 hobgoblins
  4 jackals (D:2)
  6 quokkas
  4 ball pythons
  6 frilled lizards
  10 kobolds
  7 rats
246 creatures vanquished.

Notes
Turn   | Place    | Note
-------+----------+-------------------------------------------
     0 | D:1      | wakim the Merfolk Berserker began the quest for the Orb.
     0 | D:1      | Reached XP level 1. HP: 18/18 MP: 1/1
   197 | D:1      | Reached XP level 2. HP: 19/24 MP: 2/2
   269 | D:1      | Reached skill level 1 in Stealth
   273 | D:1      | Reached skill level 5 in Polearms
   412 | D:1      | Found a faded altar of an unknown god.
   641 | D:1      | Reached XP level 3. HP: 24/29 MP: 3/3
  1478 | D:2      | Reached ** piety under Trog
  1483 | D:2      | Reached XP level 4. HP: 37/37 MP: 4/4
  1717 | D:2      | Reached skill level 6 in Polearms
  2069 | D:3      | Found a blossoming altar of Fedhas.
  2159 | D:3      | Found a burning altar of Makhleb.
  2581 | D:3      | Reached skill level 1 in Shields
  2616 | D:3      | Noticed an ice beast
  2812 | D:3      | Found a bloodstained altar of Trog.
  2813 | D:3      | Found an iron altar of Okawaru.
  2920 | D:4      | Reached XP level 5. HP: 42/42 MP: 5/5
  3423 | D:4      | Found Bioru's Book Boutique.
  3423 | D:4      | Noticed a sky beast
  3432 | D:4      | Found Jahyrghec's Magic Scroll Shoppe.
  3438 | D:4      | Killed a sky beast
  3439 | D:4      | Reached skill level 7 in Polearms
  3439 | D:4      | Reached XP level 6. HP: 49/49 MP: 6/6
  3470 | D:4      | Noticed a water moccasin
  3475 | D:4      | Killed a water moccasin
  3476 | D:4      | Reached XP level 7. HP: 50/55 MP: 7/7
  3502 | D:4      | Bought a scroll of identify for 20 gold pieces
  3502 | D:4      | Bought a scroll of identify for 20 gold pieces
  3502 | D:4      | Bought a scroll of identify for 20 gold pieces
  3522 | D:4      | Identified the +11 flail "Wolukk" {pain, Contam rElec rPois
                  | rC+ Str+3}
  3754 | D:3      | Reached skill level 8 in Polearms
  3838 | D:3      | Found a runed translucent door.
  3838 | D:3      | Noticed sn0wgr3's ghost (amateur MiFi)
  3892 | D:3      | Killed sn0wgr3's ghost
  3893 | D:3      | Reached skill level 5 in Fighting
  4073 | D:4      | Found a sparkling altar of Nemelex Xobeh.
  4311 | D:5      | Entered Level 5 of the Dungeon
  4461 | D:5      | Reached skill level 9 in Polearms
  4566 | D:5      | Reached XP level 8. HP: 59/64 MP: 8/8
  5026 | D:5      | Noticed Ijyb
  5042 | D:5      | Killed Ijyb
  5229 | D:5      | Identified the +4 kite shield of the Lobster {rC+ Int+3}
  5232 | D:5      | Found Ilofri Tiah's Magic Scroll Shoppe.
  5587 | D:6      | Reached skill level 10 in Polearms
  5598 | D:5      | Reached *** piety under Trog
  6607 | D:6      | Reached skill level 11 in Polearms
  6607 | D:6      | Reached XP level 9. HP: 71/71 MP: 9/9
  7056 | D:6      | Reached **** piety under Trog
  7069 | D:6      | Reached skill level 5 in Dodging
  7299 | D:6      | Reached skill level 5 in Shields
  7698 | D:7      | Found a staircase to the Ecumenical Temple.
  7821 | Temple   | Entered the Ecumenical Temple
  7884 | D:7      | Reached skill level 12 in Polearms
  8904 | D:8      | Reached XP level 10. HP: 78/79 MP: 10/10
  9612 | D:8      | Identified the +8 dagger "Puowori" {protect, rF+ Int+3}
 10151 | D:5      | Bought a scroll of magic mapping for 35 gold pieces
 10151 | D:5      | Bought a scroll of enchant weapon for 75 gold pieces
 10151 | D:5      | Bought a scroll of fog for 20 gold pieces
 10151 | D:5      | Bought a scroll of silence for 75 gold pieces
 10151 | D:5      | Bought a scroll of fear for 35 gold pieces
 10175 | D:4      | Bought 2 scrolls of teleportation for 60 gold pieces
 10175 | D:4      | Bought a scroll of magic mapping for 35 gold pieces
 10175 | D:4      | Bought a scroll of enchant armour for 75 gold pieces
 10726 | D:9      | Reached skill level 13 in Polearms
 11797 | D:9      | Reached ***** piety under Trog
 12456 | D:9      | Noticed a catoblepas
 12814 | D:9      | Noticed a two-headed hydra
 12826 | D:9      | Killed a two-headed hydra
 12827 | D:9      | Reached skill level 14 in Polearms
 12827 | D:9      | Reached XP level 11. HP: 87/87 MP: 11/11
 13029 | D:9      | Identified a scroll of acquirement
 13029 | D:9      | Acquired a +1 trident of venom
 13139 | D:10     | Entered Level 10 of the Dungeon
 13153 | D:10     | Found an opulent altar of Gozag.
 13725 | D:10     | Found a staircase to the Lair.
 13759 | D:10     | Noticed a centaur warrior
 13777 | D:10     | Shot with an arrow by a centaur warrior

Illustrated notes

Levels and vault maps discovered:
D:1:      ncdulo_watergridlock, layout_basic,
          chequers_ecumenical_altar_simple_redux, minivault_14
D:2:      minmay_razor_zed, layout_rooms, kennysheep_generic_room_10
D:3:      layout_loops_corners, grunt_temple_overflow_bloody_war,
          marbit_many_paths, general_overflow_altar, gammafunk_ghost_grave
D:4:      layout_basic, mainiacjoe_overflow_chevrons, nicolae_wooded_promenade
D:5:      layout_basic, serial_shops, shop, palyth_stone_intersect,
          serial_bayou_pond_e, uniq_ijyb
D:6:      layout_cave_pools, gup_sewer_entry_spiral, grunt_ministairs_1,
          st_stairs_1
D:7:      minmay_angry_zag, layout_basic, minmay_temple_entry_offerings
D:8:      layout_basic
D:9:      layout_grid_maze, special_room [special_room_orc], chequers_avenue,
          st_stairs_5, hangedman_ranch
D:10:     cheibrodos_histonic, layout_loops_cross, mainiacjoe_overflow_catwalk,
          erik_lair_orcish_takeover
Temple:   nicolae_temple_elliptical

Skill      XL: |  1  2  3  4  5  6  7  8  9 10 11 |
---------------+----------------------------------+-----
Stealth        | 1 2 3 |  3.8
Polearms       | 5 6 7 9 11 12 14 | 14.0
Fighting       | 4 5 6 7 8 9 |  9.1
Shields        | 1 2 3 4 5 6 7 |  7.4
Dodging        | 4 6 8 |  8.5
Armour         | 2 3 4 |  4.0

Action                   |  1- 3 |  4- 6 |  7- 9 | 10-12 || total
-------------------------+-------+-------+-------+-------++-------
Melee: Spear             |   119 |   139 |       |       ||   258
       Trident           |       |    10 |   460 |   421 ||   891
Invok: Berserk           |     1 |       |    10 |     5 ||    16
       Trog's Hand       |       |       |     1 |     2 ||     3
Evoke: Wand              |       |     2 |       |       ||     2
  Use: Scroll            |       |       |     8 |    10 ||    18
       Potion            |       |       |       |     1 ||     1
 Stab: Sleeping          |     1 |     5 |     3 |       ||     9
       Distracted        |       |     1 |       |       ||     1
Armor: Animal skin       |     2 |       |       |       ||     2
       Ring mail         |     5 |    19 |    13 |       ||    37
       Scale mail        |       |       |    75 |    80 ||   155
Dodge: Dodged            |    38 |    37 |   197 |   279 ||   551
Block: Buckler           |       |    17 |    79 |    84 ||   180

Table legend: (Time is in decaauts)
 A = Elapsed time spent in this place.
 B = Non-inter-level travel time spent in this place.
 C = Inter-level travel time spent in this place.
 D = Time resting spent in this place.
 E = Time spent auto-exploring this place.
 F = Levels seen in this place.
 G = Mean time per level.
                   A        B        C        D        E       F      G
               +--------+--------+--------+--------+--------+-----+--------+
         Total |  13589 |  12251 |   1338 |   1997 |   8079 |  11 | 1235.4 |
       Dungeon |  13587 |  12249 |   1338 |   1997 |   8079 |  10 | 1358.7 |
        Temple |      1 |      1 |      0 |      0 |      0 |   1 |    1.0 |
               +--------+--------+--------+--------+--------+-----+--------+

Top non-repeatable levels by time:
     D:9: 2488 daAuts
     D:5: 1775 daAuts
     D:8: 1599 daAuts
     D:3: 1520 daAuts
     D:7: 1301 daAuts
     D:6: 1187 daAuts
     D:4: 1088 daAuts
     D:1: 1037 daAuts
     D:2: 986 daAuts
    D:10: 601 daAuts
  Temple: 1 daAuts
